 Dungeon Crawl Stone Soup version 0.28-a0-653-g7e9dba17c3 (webtiles) character file.

Game seed: 12678173662066570925

508 sanka the Changer (level 6, -1/46 HPs)
             Began as a Palentonga Transmuter on Oct 11, 2021.
             Killed from afar by a steam dragon (16 damage)
             ... with a ball of steam
             ... on level 4 of the Dungeon.
             The game lasted 00:06:34 (4310 turns).

sanka the Changer (Palentonga Transmuter)           Turns: 4310, Time: 00:06:35

Health: -1/46      AC:  4    Str: 13    XL:     6   Next: 98%
Magic:  9/9        EV: 10    Int: 13    God:
Gold:   143        SH:  0    Dex: 13    Spells: 3/9 levels left

rFire   . . .      SeeInvis +   e - +2 dagger (venom)
rCold   . . .      Faith    +   (no shield)
rNeg    . . .      Spirit   .   a - +0 robe
rPois   .          Reflect  .   (no helmet)
rElec   .          Harm     .   (no cloak)
rCorr   .          Rampage  .   (no gloves)
Will    .....                   (no barding)
Stlth   +.........              o - amulet of faith
HPRegen 0.15/turn               (no ring)
MPRegen 0.11/turn               (no ring)

@: no status effects
A: large, rugged brown scales 3, see invisible, deformed body, roll 1, armoured
tail
a: Rolling Charge


You were on level 4 of the Dungeon.
You visited 1 branch of the dungeon, and saw 4 of its levels.

You collected 143 gold pieces.


Innate Abilities, Weirdness & Mutations

You are completely covered in rugged brown scales. (AC +3, +7% HP)
You have supernaturally acute eyesight. (SInv)
Armour fits poorly on your strangely shaped body.
You can roll at nearby foes to attack.
You have a long armoured tail.


   Skills:
 - Level 1.0 Fighting
 - Level 1.5 Dodging
 - Level 3.0 Unarmed Combat
 - Level 2.0 Spellcasting
 + Level 7.1 Transmutations
 - Level 2.0 Poison Magic


You had 3 spell levels left.
You knew the following spells:

 Your Spells              Type           Power      Damage    Failure   Level
x - Spider Form           Tmut/Pois      6%         N/A       12%         3
y - Wereblood             Tmut           19%        N/A       1%          2
z - Beastly Appendage     Tmut           38%        N/A       1%          1

Your spell library contained the following spells:

 Spells                   Type           Power      Damage    Failure   Level
 Ice Form                 Ice/Tmut       10%        N/A       52%         4
 Malign Gateway           Summ/Tloc      0%         N/A       100%        7
 Summon Horrible Things   Summ           0%         N/A       100%        8

Inventory:

Hand Weapons
 e - a +2 dagger of venom (weapon)
Armour
 a - a +0 robe (worn)
Jewellery
 o - an amulet of faith (around neck)
Wands
 m - a wand of digging (6)
 n - a wand of flame (7)
 p - a wand of acid (8)
Scrolls
 b - 2 scrolls of teleportation {unknown}
 c - 3 scrolls of immolation {unknown}
 d - a scroll of noise {unknown}
 f - 2 scrolls of fog {unknown}
 h - a scroll of enchant weapon {unknown}
 i - 2 scrolls of identify {unknown}
 k - 3 scrolls of holy word {unknown}
Potions
 g - 2 potions of mutation {unknown}
 j - a potion of berserk rage {unknown}
 l - a potion of curing {@q1}

Dungeon Overview and Level Annotations

Branches:
Dungeon (4/15)
 Temple: D:4-7

Altars:
Ashenzari
Elyvilon

Shops:
D:2 [

Annotations:
D:3 2 transporters, sn0wgr3's ghost, amateur GrFi

.....▒▒.▒ ▒.▒.▒▒.▒.▒▒..▒D▒▒.....
.....▒▒.▒ ▒.▒.▒▒.▒.▒▒..▒.▒▒:▒▒▒▒
........▒ ▒.▒▒▒▒.▒.▒▒..▒#▒▒D▒
.....▒▒.▒▒▒▒.▒▒▒▒.......▒.▒▒.▒▒▒▒
...........................▒.Z.D.
............▒▒▒▒...D......▒.▒▒▒▒
▒▒▒.▒▒▒.▒▒▒..▒ ▒.##▒▒..▒▒.▒.▒
........▒ ▒..▒▒▒▒#..▒▒..▒ .▒.▒
▒▒▒.▒▒▒.▒▒▒..▒..H.......▒▒.▒.▒ ▒
▒.▒ ▒......................▒
▒▒▒.▒▒▒..▒▒..▒.▒▒..▒▒▒▒.▒▒.▒▒▒
▒▒.†.▒▒..▒▒..▒.▒▒..▒ ▒.▒ ▒
▒▒...▒▒..▒▒..▒.▒▒..▒ ▒.▒
▒▒...▒▒..▒▒..▒.▒▒..▒▒▒▒.▒ ▒▒▒▒▒▒
...........<............. .....>
▒▒......<......▒▒.<...... .▒▒▒▒
▒▒...▒▒.▒▒▒..▒.......▒▒.▒


You could see a steam dragon (catching breath).


Message History

A steam dragon is nearby!
Okay, then.
A dart slug comes into view.
Found a twisted wooden wand.
Found 21 stones.
The dart slug launches a dart at you. The slug dart hits you.
You see here a wand of acid (8).
p - a wand of acid (8)
A hound skeleton comes into view.
Found a small ruby ring.
The dart slug launches a dart at you. The slug dart misses you.
The dart slug launches a dart at you. The slug dart misses you.
The steam dragon breathes steam at you. The ball of steam hits you!
You are engulfed in a cloud of scalding steam.
You are engulfed in a cloud of scalding steam.
* * * LOW HITPOINT WARNING * * *
Found a chain mail and the Reference Book on Ignition and Lightness.
The hound skeleton is engulfed in a cloud of scalding steam.
You see here a +0 chain mail.
You see here the Reference Book on Ignition and Lightness.
The steam dragon breathes steam at you. The ball of steam hits you!!
* * * LOW HITPOINT WARNING * * *
The steam dragon breathes steam at you. The ball of steam hits you!
You die...

Action                   |  1- 3 |  4- 6 || total
-------------------------+-------+-------++-------
Melee: Unarmed           |    45 |       ||    45
       Tailslap          |     5 |    16 ||    21
       Kick              |     7 |    24 ||    31
       Dagger            |    22 |   114 ||   136
       Headbutt          |     4 |    14 ||    18
       Punch             |     1 |     2 ||     3
 Cast: Beastly Appendage |    13 |    28 ||    41
Evoke: Wand              |       |     1 ||     1
  Use: Potion            |       |     2 ||     2
Armor: Robe              |    23 |    23 ||    46
Dodge: Dodged            |    51 |    47 ||    98

Levels and vault maps discovered:
D:1:      zelgadis_glass_arrival_small, layout_rooms, kennysheep_pointless_box,
          chequers_mini_garden
D:2:      layout_basic, shapermc_ecumenical_altar_flowoftime, serial_shops,
          nicolae_shop_stone, basic_altar
D:3:      layout_loops_corners, elyvilon_altar_1, gammafunk_ghost_arena,
          minmay_fractal_squares_5, uniq_sigmund
D:4:      layout_basic

Notes
Turn   | Place    | Note
-------+----------+-------------------------------------------
     0 | D:1      | sanka the Palentonga Transmuter began the quest for the
                  | Orb.
     0 | D:1      | Reached XP level 1. HP: 16/16 MP: 3/3
   201 | D:1      | Reached XP level 2. HP: 19/22 MP: 5/5
   322 | D:1      | Reached skill level 3 in Transmutations
   784 | D:2      | Found a broken altar of Ashenzari.
   791 | D:2      | Reached skill level 4 in Transmutations
   791 | D:2      | Reached XP level 3. HP: 26/27 MP: 4/6
   958 | D:2      | Learned a level 2 spell: Wereblood
   962 | D:2      | Learned a level 3 spell: Spider Form
  1026 | D:2      | Reached XP level 4. HP: 34/34 MP: 5/7
  1221 | D:2      | Found a faded altar of an unknown god.
  1554 | D:2      | Found Imiykem's Armour Boutique.
  1798 | D:3      | Reached skill level 1 in Poison Magic
  2191 | D:3      | Found a white marble altar of Elyvilon.
  2584 | D:3      | Found a transporter.
  2603 | D:3      | Found a transporter.
  2603 | D:3      | Noticed sn0wgr3's ghost (amateur GrFi)
  2604 | D:3      | Noticed a scorpion
  2685 | D:3      | Noticed Sigmund
  2704 | D:3      | Reached XP level 5. HP: 35/39 MP: 6/8
  2717 | D:3      | Killed Sigmund
  2718 | D:3      | Reached skill level 5 in Transmutations
  2718 | D:3      | Reached skill level 2 in Poison Magic
  2718 | D:3      | Reached XP level 6. HP: 14/46 MP: 7/9
  2982 | D:3      | Reached skill level 6 in Transmutations
  3534 | D:4      | HP: 4/46 [poisoned by a scorpion]
  3899 | D:4      | Noticed a water moccasin
  3907 | D:4      | Killed a water moccasin
  3908 | D:4      | Reached skill level 7 in Transmutations
  4248 | D:4      | Noticed a steam dragon
  4310 | D:4      | Killed from afar by a steam dragon

Vanquished Creatures
  Sigmund (D:3)
  A water moccasin (D:4)
  A scorpion (D:4)
  A hound (D:2)
  An iguana (D:3)
  4 adders
  2 worms
  4 dart slugs
  5 orcs
  3 ball pythons
  2 bats (D:1)
  7 endoplasms
  3 giant cockroaches
  5 goblins
  9 hobgoblins
  6 jackals
  4 quokkas
  3 frilled lizards
  4 kobolds
  4 rats
70 creatures vanquished.

Vanquished Creatures (others)
  A hound skeleton (D:4)
1 creature vanquished.

Grand Total: 71 creatures vanquished
